 Dungeon Crawl Stone Soup version 0.25-a0-1137-g7f6bfe439b (webtiles) character file.

Game seed: 4727658491554148881, levelgen mode: deterministic

2 vurker the Chiller (level 1, -1/15 HPs)
             Began as a Naga Ice Elementalist on May 23, 2020.
             Slain by a rat (2 damage)
             ... on level 1 of the Dungeon.
             The game lasted 00:00:32 (80 turns).

vurker the Chiller (Naga Ice Elementalist)            Turns: 80, Time: 00:00:32

Health: -1/15      AC:  1    Str: 10    XL:     1   Next: 40%
Magic:  1/3        EV: 10    Int: 15    God:
Gold:   1          SH:  0    Dex: 11    Spells: 3/4 levels left

rFire    . . .     SeeInvis +   (no weapon)
rCold    . . .     Gourm    .   (no shield)
rNeg     . . .     Faith    .   a - +0 robe
rPois    +         Spirit   .   (no helmet)
rElec    .         Reflect  .   (no cloak)
rCorr    .         Harm     .   (no gloves)
MR       .....                  (no barding)
Stlth    ++........             (no amulet)
HPRegen  0.05/turn              (no ring)
MPRegen  0.08/turn              (no ring)

@: short of breath, very slow
A: large, see invisible, deformed body, poison resistance, slowness 2, slow
metabolism 1, spit poison 1, AC +0
a: Spit Poison


You were on level 1 of the Dungeon.
You were not hungry.

You visited 1 branch of the dungeon, and saw 1 of its levels.

You collected 1 gold pieces.

Inventory:

Armour
 a - a +0 robe (worn)
Comestibles
 b - a chunk of flesh
 e - a ration


   Skills:
 + Level 0.1 Fighting
 - Level 1.5 Dodging
 - Level 3.0 Stealth
 * Level 2.0 Spellcasting
 * Level 4.0 Ice Magic


You had 3 spell levels left.
You knew the following spells:

 Your Spells              Type           Power        Failure   Level  Hunger
a - Freeze                Ice            ##..         4%          1    #......

Your spell library contained the following spells:

 Spells                   Type           Power        Failure   Level  Hunger
 Frozen Ramparts          Ice            ##....       12%         3    ###....
 Ozocubu's Armour         Chrm/Ice       #.......     28%         3    ###....
 Hailstorm                Conj/Ice       #.......     67%         4    #####..
 Summon Ice Beast         Ice/Summ       #.......     67%         4    #####..


Dungeon Overview and Level Annotations

Branches:
Dungeon (1/15)

Altars:


Innate Abilities, Weirdness & Mutations

You cannot wear boots.
Your serpentine skin is tough. (AC +0)
You have supernaturally acute eyesight. (SInv)
Armour fits poorly on your strangely shaped body.
Your system is resistant to poisons. (rPois)
You cover ground very slowly.
You have a slow metabolism.
You can spit poison.


Message History

There is a stone staircase leading down here.
You enter the shallow water.
Moving in this stuff is going to be slow.
A rat comes into view.
You enter the shallow water.
Moving in this stuff is going to be slow.
The helpless rat fails to defend itself.
You hit the rat.
You kill the rat!
You butcher the rat corpse.
b - a chunk of flesh You see here a rat skeleton. x2
Found a ruby potion.
Found a stone staircase leading down. 2 rats and a goblin come into view.
Found 17 gold pieces.
There are monsters nearby!
The goblin shouts!
A kobold comes into view. It is wielding a +0 short sword.
The kobold shouts!
Aim: a rat You freeze the rat.
You kill the rat!
Aim: a goblin You freeze the goblin.
The goblin hits you.
Aim: a goblin (moderately wounded)
You freeze the goblin.
You kill the goblin!
Aim: a kobold, wielding a +0 short sword The splash of poison misses the kobold.
You feel slightly more hungry.
The kobold hits you with a +0 short sword.
You hit the kobold.
The kobold hits you with a +0 short sword.
* * * LOW HITPOINT WARNING * * *
You closely miss the rat. The rat bites you.
* * * LOW HITPOINT WARNING * * *
You hit the rat. The rat misses you.
Unknown command.
You hit the rat but do no damage.
You have got your breath back.
The rat closely misses you.
You closely miss the rat. The rat barely misses you.
You barely miss the rat. The rat bites you.
* * * LOW HITPOINT WARNING * * *
Firing (i - inventory) No suitable missiles.
Aim: a rat (moderately wounded)
Okay, then.
Aim: a rat (moderately wounded)
The splash of poison misses the rat.
You feel slightly more hungry. The rat bites you.
You die...

#.. ># ..# .#
.. ... .# #
##..#.##.# ##
...$g....#
.###### #.##
......## ..
#..# ...⌠...#
#.###r.##
.......#
##..@#..##
.......#
........#.÷.#
########
...####.....#
[...# .
#.≈≈≈..## ##.##
#....≈..#
...####
#####.≈..≈≈#
......# #≈#
#......#
...##.# #≈#
##.#...#
##.##.######≈##
#....##


You could see a rat.

Vanquished Creatures
  A goblin (D:1)
  2 rats (D:1)
3 creatures vanquished.

Notes
Turn   | Place    | Note
-------+----------+-------------------------------------------
     0 | D:1      | vurker the Naga Ice Elementalist began the quest for the
                  | Orb.
     0 | D:1      | Reached XP level 1. HP: 15/15 MP: 3/3
    80 | D:1      | Slain by a rat

Illustrated notes

Levels and vault maps discovered:
D:1:      giann_wishing_wells, layout_loops_cross, serial_rivers,
          chequers_serial_rivers_room_a, chequers_serial_rivers_micro_c,
          chequers_serial_rivers_micro_b, chequers_serial_rivers_room_b,
          chequers_serial_rivers_micro_e, chequers_serial_rivers_micro_a,
          minmay_split_cup_large

Action                   || total
-------------------------++-------
Melee: Unarmed           ||     7
 Cast: Freeze            ||     3
 Abil: Spit Poison       ||     2
 Stab: Sleeping          ||     1
Dodge: Dodged            ||     3

Table legend:
 A = Non-vault XP
 B = Vault XP
 C = Vault XP percentage of total XP
 D = Non-vault monster count
 E = Vault monster count
 F = Vault count percentage of total count
                 A         B        C        D         E       F
            +---------+---------+-------+---------+---------+-------
      Total |       4 |       0 |   0.0 |       3 |       0 |   0.0
            +---------+---------+-------+---------+---------+-------
        D:1 |       4 |       0 |   0.0 |       3 |       0 |   0.0
            +---------+---------+-------+---------+---------+-------
